 Dungeon Crawl Stone Soup version 0.19-a0-231-gae044c8 (webtiles) character file.

25034 jacquesderrida the Spear-Bearer (level 12, -23/94 HPs)
             Began as a Demonspawn Skald on May 24, 2016.
             Was a Believer of Ashenzari.
             Killed from afar by an orc sorcerer (35 damage)
             ... with a bolt of fire
             ... while paralysed by an orc sorcerer
             ... on level 2 of the Orcish Mines.
             The game lasted 00:38:36 (6209 turns).

jacquesderrida the Spear-Bearer (Demonspawn Skald)  Turns: 6209, Time: 00:38:37

Health: -23/94     AC: 15    Str: 12    XL:     12   Next: 85%
Magic:  10/15      EV:  2    Int: 16    God:    Ashenzari [**....]
Gold:   599        SH:  0    Dex: 19    Spells: 3 memorised, 8 levels left

rFire  . . .     SeeInvis .     G - +3 glaive (chop) (curse)
rCold  . . .     Gourm    .     k - +0 troll leather armour (curse)
rNeg   . . .     Faith    .     (shield currently unavailable)
rPois  .         Spirit   .     n - +0 helmet
rElec  .         Dismiss  .     N - +0 cloak
rCorr  .         Reflect  .     o - +1 pair of gloves
SustAt .         Harm     .     I - +0 pair of boots
MR     .....                    j - amulet of rage
Stlth  ++........               z - +4 ring of evasion (curse)
                                O - +3 ring of dexterity

@: paralysed, drained, not resistant to hostile enchantments, unstealthy
A: talons 2, iridescent scales 2, demonic guardian 2, powered by death 1
a: Curse Item, Scrying, Renounce Religion, Evoke Berserk Rage


You were on level 2 of the Orcish Mines.
You worshipped Ashenzari.
Ashenzari was pleased with you.
You were not hungry.

You visited 2 branches of the dungeon, and saw 16 of its levels.

You collected 774 gold pieces.
You spent 175 gold pieces at shops.

Inventory:

Hand Weapons
 a - a +0 spear
 G - a cursed +3 glaive of chopping (weapon)
Missiles
 v - a throwing net (quivered)
 C - 8 curare-tipped needles
Armour
 b - a +2 robe of resistance
 k - a cursed +0 troll leather armour (worn)
 n - a +0 helmet (worn)
 o - a +1 pair of gloves (worn)
 x - the +2 ring mail of the Cast Vote {rF+ Dex+4 Stlth+}
   (You found it on level 8 of the Dungeon)

   It affects your dexterity (+4).
   It protects you from fire.
   It makes you more stealthy.
 B - the +5 scale mail of the Queen {+Blink +Inv rC- Slay+3}
   (You found it on level 7 of the Dungeon)

   It affects your accuracy and damage with ranged weapons and melee attacks
   (+3).
   It makes you vulnerable to cold.
   It lets you turn invisible.
   It lets you blink.
 I - a +0 pair of boots (worn)
 N - a +0 cloak (worn)
Jewellery
 j - an amulet of rage (around neck)
 r - a +1 ring of evasion
 z - a cursed +4 ring of evasion (right hand)
 O - a +3 ring of dexterity (left hand)
 S - an uncursed ring of ice
Wands
 D - a wand of confusion (29/48)
 R - a wand of flame (29/48)
Scrolls
 f - 2 scrolls of enchant weapon
 i - 5 scrolls of immolation
 p - 5 scrolls of remove curse
 q - 2 scrolls of enchant armour
 y - a scroll of magic mapping
 E - 3 scrolls of fear
 H - a scroll of silence {unknown}
 K - a scroll of amnesia {unknown}
 P - a scroll of brand weapon
 Q - 3 scrolls of blinking {unknown}
Potions
 e - a potion of heal wounds
 g - 7 potions of curing
 s - a potion of invisibility
 t - a potion of agility
 w - a potion of brilliance
 F - a potion of might
 J - a potion of flight {unknown}
Books
 c - a book of Battle

   Spells                             Type                      Level
   a - Infusion                       Charms                       1
   b - Shroud of Golubria             Charms/Translocation         2
   c - Song of Slaying                Charms                       2
   d - Spectral Weapon                Hexes/Charms                 3
   e - Regeneration                   Charms/Necromancy            3
 h - a book of Spatial Translocations

   Spells                             Type                      Level
   a - Apportation                    Translocation                1
   b - Blink                          Translocation                2
   c - Shroud of Golubria             Charms/Translocation         2
   d - Portal Projectile              Translocation                3
   e - Teleport Other                 Translocation                3
   f - Passage of Golubria            Translocation                4
 A - a book of Cantrips

   Spells                             Type                      Level
   a - Corona                         Hexes                        1
   b - Animate Skeleton               Necromancy                   1
   c - Summon Small Mammal            Summoning                    1
   d - Apportation                    Translocation                1
Miscellaneous
 u - a plain deck of wonders
Comestibles
 d - 3 bread rations
 l - 5 meat rations
 m - 3 chunks of flesh
 L - 8 beef jerkies
 M - 9 royal jellies


   Skills:
 + Level 8.8(8.2) Fighting
 + Level 14.1(15.9) Polearms
 - Level 0.8(0.3) Armour
 + Level 8.0(7.4) Dodging
 - Level 2.0(1.4) Spellcasting
 - Level 3.7(3.1) Hexes
 - Level 8.2(7.6) Charms


You had 8 spell levels left.
You knew the following spells:

 Your Spells              Type           Power        Failure   Level  Hunger
a - Infusion              Chrm           ####         1%          1    ##.....
b - Spectral Weapon       Hex/Chrm       ###.....     12%         3    ####...
r - Regeneration          Chrm/Necr      ##........   21%         3    ####...


Dungeon Overview and Level Annotations

Branches:
Dungeon (14/15)            Temple (0/1) D:7             Orc (2/2) D:12
   Lair: D:8-11         Elf: Orc:2       Vaults: D:13-14

Altars:
Ashenzari
Fedhas
Gozag
Nemelex Xobeh
Qazlal
Trog
Ukayaw
Zin

Shops:
D:5 *   D:11 ?   D:12 !   Orc:2 ?!

Portals:
Trove: D:12 (give +6 ice dragon armour)

Annotations:
D:12 MANUAL DIG


Innate Abilities, Weirdness & Mutations

You have razor-sharp toenails.
You are mostly covered in iridescent scales. (AC +6)
A demonic guardian rushes to your aid.
You regenerate a little health from kills.


Message History

The orc sorcerer misses your spectral weapon.
The rust devil hits your spectral weapon.
Your spectral weapon shares its damage with you!
A gelid demonspawn comes into view. It is wielding a trident of flaming.
The infernal demonspawn hits you from afar with a glaive.
You are engulfed in flames!
The orc sorcerer hits you but does no damage.
The orc sorcerer gestures at you while chanting.
The bolt of fire hits your spectral weapon.
Your spectral weapon resists.
Your spectral weapon shares its damage with you!
Helpless, you fail to dodge the bolt of fire.
* * * LOW HITPOINT WARNING * * *
x2 The rust devil closely misses your spectral weapon.
The gelid demonspawn shouts!
The orc sorcerer hits you but does no damage.
The orc sorcerer gestures at you while chanting.
The bolt of fire hits the infernal demonspawn.
The infernal demonspawn resists.
The bolt of fire hits you!
You die...

....###.......##* {*
##..###..
.....#........# ,,*. ,
##()###.
.##..........###. ##..
##).###
####........###. ,
#.##...###).## #
###.#...###.. *#o64
#...[..).# ##...###...
#..# ##...#....
..###.#.##.6#
,##....#..
#.###.......# ##.....#
* * #.....#@##∩, ,,
,##..#.. , *#...))o(# {
{,##.....# , ##.#.##4o#
* ,##....#.. ##..)##..#
##...#....
,*##.))##...##........#
, ##.).##.##(..###..##
*##...###())###..##* ,
*##(..#).)###{.## * ,
##.#)#.###..#


You could see a gelid demonspawn, an infernal demonspawn (wandering), 2 rust
devils, 3 orc sorcerers and a friendly spectral glaive of chopping.

Vanquished Creatures
  Snorg (Orc:1)
  An ogre mage (D:12)
  4 orc high priests (Orc:2)
  A sun demon (Orc:2)
  5 orc sorcerers
  4 orc knights (Orc:2)
  2 cyclopes (D:12)
  2 sixfirhies (Orc:2)
  Maurice (Orc:1)
  An orange demon (Orc:2)
  4 centaur zombies
  A hellwing (Orc:2)
  4 wraiths
  5 yaks (D:11)
  Eustachio (D:6)
  5 hungry ghosts
  A steam dragon (D:11)
  2 hippogriffs
  A chaos spawn (Orc:2)
  2 wargs (Orc:1)
  A soldier ant (D:10)
  23 orc warriors
  2 phantoms
  A necrophage (D:12)
  2 wasps
  4 centaurs
  16 ogres
  Blork the orc (D:5)
  2 giant frogs
  A gnoll sergeant (D:7)
  4 scorpions
  2 troll zombies (D:12)
  9 killer bees
  A howler monkey (D:7)
  4 wights
  8 crimson imps
  A giant frog zombie (D:8)
  15 orc priests
  A centaur skeleton (D:8)
  A jelly (D:8)
  2 hounds
  19 orc wizards
  Terence (D:2)
  An iguana (D:7)
  5 worker ants
  A killer bee zombie (D:5)
  6 ogre zombies (D:12)
  A hound zombie (D:6)
  A gnoll (D:7)
  9 adders
  A shadow imp (D:9)
  2 dart slugs
  3 giant geckos
  69 orcs
  2 ball pythons
  A giant cockroach (D:1)
  7 hobgoblins
  12 jackals
  4 kobolds
  5 quokkas
  4 bats
  2 giant gecko skeletons (D:4)
  2 giant newts
  4 goblins
  2 goblin zombies (D:12)
  3 hobgoblin skeletons (D:12)
  A hobgoblin zombie (D:12)
  2 jackal skeletons
  2 orc skeletons (D:12)
  16 orc zombies (D:12)
  2 quokka skeletons
  4 rats (D:2)
343 creatures vanquished.

Vanquished Creatures (collateral kills)
  Josephine (Orc:2)
  3 hill giants
  3 ugly things
  Psyche (D:11)
  Sigmund (D:6)
  A water elemental (D:12)
  A wraith (Orc:2)
  A yak (D:11)
  A hungry ghost (D:12)
  A sky beast (D:12)
  5 ogres
  6 orc warriors
  A wasp (D:10)
  A centaur (D:6)
  2 scorpions
  7 killer bees
  A howler monkey (D:4)
  A jelly (D:12)
  2 hounds
  5 orc priests
  A worker ant (D:10)
  An orc wizard (D:7)
  2 gnolls (D:7)
  A shadow imp (D:11)
  11 orcs
61 creatures vanquished.

Vanquished Creatures (others)
  8 spectral weapons
8 creatures vanquished.

Grand Total: 412 creatures vanquished

Notes
Turn   | Place    | Note
--------------------------------------------------------------
     0 | D:1      | jacquesderrida the Demonspawn Skald began the quest for the Orb.
     0 | D:1      | Reached XP level 1. HP: 16/16 MP: 3/3
     6 | D:1      | Noticed a lindwurm
     6 | D:1      | Noticed a killer bee
     6 | D:1      | Noticed a black bear
     6 | D:1      | Noticed a black mamba
    82 | D:1      | Reached skill level 2 in Polearms
   245 | D:1      | Reached skill level 1 in Dodging
   245 | D:1      | Gained mutation: You regenerate a little health from kills. [demonic ancestry]
   245 | D:1      | Reached XP level 2. HP: 14/22 MP: 5/5
   492 | D:2      | Gained mutation: You have sharp toenails. [demonic ancestry]
   492 | D:2      | Reached XP level 3. HP: 10/27 MP: 2/6
   502 | D:2      | Reached skill level 3 in Polearms
   585 | D:2      | Learned a level 3 spell: Spectral Weapon
   641 | D:2      | Noticed Terence
   664 | D:2      | Killed Terence
   664 | D:2      | Reached XP level 4. HP: 27/33 MP: 1/7
   706 | D:2      | Reached skill level 1 in Hexes
   758 | D:3      | Found a glowing silver altar of Zin.
   832 | D:3      | Reached skill level 4 in Polearms
   875 | D:3      | Reached XP level 5. HP: 31/38 MP: 3/8
  1033 | D:3      | Found a stormy altar of Qazlal.
  1125 | D:3      | Found a hide-covered altar to Ukayaw.
  1219 | D:4      | Found an opulent altar of Gozag.
  1231 | D:4      | Noticed a phantom
  1261 | D:4      | Killed a phantom
  1261 | D:4      | Gained mutation: A weak demonic guardian rushes to your aid. [demonic ancestry]
  1261 | D:4      | Reached XP level 6. HP: 17/44 MP: 7/9
  1334 | D:4      | Reached skill level 5 in Polearms
  1638 | D:5      | Entered Level 5 of the Dungeon
  1720 | D:5      | Noticed Blork the orc
  1754 | D:5      | Killed Blork the orc
  1754 | D:5      | Gained mutation: A demonic guardian rushes to your aid. [demonic ancestry]
  1754 | D:5      | Reached XP level 7. HP: 16/50 MP: 4/10
  1761 | D:5      | Reached skill level 6 in Polearms
  1818 | D:5      | Learned a level 3 spell: Regeneration
  1958 | D:5      | Found Lomusch's General Store.
  1998 | D:5      | Bought a potion of agility for 48 gold pieces
  2075 | D:6      | Noticed Eustachio
  2081 | D:6      | Killed Eustachio
  2101 | D:6      | Noticed Sigmund
  2107 | D:6      | Killed Sigmund
  2115 | D:6      | Reached skill level 7 in Polearms
  2143 | D:6      | Reached XP level 8. HP: 53/56 MP: 11/11
  2174 | D:6      | Found a blossoming altar of Fedhas.
  2314 | D:6      | Found a shattered altar of Ashenzari.
  2325 | D:6      | Became a worshipper of Ashenzari the Shackled
  2435 | D:7      | Found a staircase to the Ecumenical Temple.
  2447 | D:7      | Reached skill level 8 in Polearms
  2469 | D:7      | Identified the +5 scale mail of the Queen {+Blink +Inv rC- Slay+3}
  2495 | D:7      | Reached skill level 5 in Charms
  2722 | D:7      | Found a bloodstained altar of Trog.
  2726 | D:7      | Reached skill level 9 in Polearms
  2859 | D:7      | Found a sparkling altar of Nemelex Xobeh.
  2922 | D:8      | Noticed a hill giant
  2932 | D:8      | Killed a hill giant
  2932 | D:8      | Gained mutation: You are partially covered in iridescent scales. (AC +4) [demonic ancestry]
  2932 | D:8      | Reached XP level 9. HP: 61/61 MP: 8/12
  2951 | D:8      | Identified the +2 ring mail of the Cast Vote {rF+ Dex+4 Stlth+}
  3241 | D:9      | Reached skill level 10 in Polearms
  3291 | D:9      | Identified a scroll of acquirement
  3433 | D:10     | Entered Level 10 of the Dungeon
  3493 | D:10     | Reached * piety under Ashenzari
  3726 | D:10     | Gained mutation: You have razor-sharp toenails. [demonic ancestry]
  3726 | D:10     | Reached XP level 10. HP: 67/67 MP: 9/13
  3755 | D:10     | Reached skill level 11 in Polearms
  4074 | D:11     | Noticed Psyche
  4078 | D:11     | Killed Psyche
  4119 | D:11     | Found Veaq's Magic Scroll Shoppe.
  4135 | D:11     | Noticed a brown ugly thing
  4144 | D:11     | Killed a brown ugly thing
  4181 | D:11     | Noticed a white ugly thing
  4197 | D:11     | Killed a white ugly thing
  4202 | D:11     | Reached skill level 12 in Polearms
  4240 | D:11     | Noticed a hill giant
  4260 | D:11     | Killed a hill giant
  4374 | D:12     | Found Wufoschue's Distillery.
  4380 | D:12     | Bought a potion of heal wounds for 75 gold pieces
  4446 | D:12     | Noticed a cyan ugly thing
  4446 | D:12     | Gained mutation: You are mostly covered in iridescent scales. (AC +6) [demonic ancestry]
  4446 | D:12     | Reached XP level 11. HP: 75/75 MP: 12/14
  4450 | D:12     | Killed a cyan ugly thing
  4482 | D:12     | Noticed a hill giant
  4488 | D:12     | Killed a hill giant
  4660 | D:12     | Found a staircase to the Orcish Mines.
  4956 | D:12     | Noticed an ogre mage
  4962 | D:12     | Killed an ogre mage
  4962 | D:12     | Reached skill level 5 in Fighting
  5014 | D:12     | Found a portal to a secret trove of treasure.
  5283 | Orc:1    | Entered Level 1 of the Orcish Mines
  5365 | Orc:1    | Reached ** piety under Ashenzari
  5416 | Orc:1    | Noticed Maurice
  5419 | Orc:1    | Killed Maurice
  5453 | Orc:1    | Noticed an orc sorcerer
  5458 | Orc:1    | Killed an orc sorcerer
  5458 | Orc:1    | Reached skill level 13 in Polearms
  5458 | Orc:1    | Reached skill level 5 in Dodging
  5579 | Orc:1    | Noticed an orc sorcerer
  5595 | Orc:1    | Killed an orc sorcerer
  5599 | Orc:1    | Noticed Snorg
  5611 | Orc:1    | Killed Snorg
  5663 | Orc:2    | Entered Level 2 of the Orcish Mines
  5667 | Orc:2    | Noticed Josephine
  5706 | Orc:2    | Killed Josephine
  5706 | Orc:2    | Reached XP level 12. HP: 64/89 MP: 11/15
  5943 | Orc:2    | Found Iremoc's Magic Scroll Shop.
  5973 | Orc:2    | Found Muqivuss's Distillery.
  6001 | Orc:2    | Bought a scroll of magic mapping for 52 gold pieces
  6061 | Orc:2    | Noticed an orc high priest
  6067 | Orc:2    | Noticed an orc high priest
  6082 | Orc:2    | Killed an orc high priest
  6102 | Orc:2    | Killed an orc high priest
  6126 | Orc:2    | Noticed an orc high priest
  6154 | Orc:2    | Reached skill level 14 in Polearms
  6160 | Orc:2    | Killed an orc high priest
  6194 | Orc:2    | Noticed an orc high priest
  6201 | Orc:2    | Killed an orc high priest
  6205 | Orc:2    | Paralysed by an orc sorcerer for 5 turns
  6209 | Orc:2    | Killed from afar by an orc sorcerer

Vault maps used:
D:1:      onia_arrival_zoo_common
D:2:      grunt_temple_overflow_open, roderic_curled_sauvastika,
          serial_bayou_lagoon_a, uniq_terence
D:3:      nicolae_overflow_hidden_temple, marbit_many_paths,
          nicolae_qazlal_general_emergency, overflow_temple_1_default
D:4:      nicolae_gozag_seed_capital, minmay_joined_circles
D:5:      wad_crossroads, lemuel_round_altar, serial_shops, shop_fountains,
          first_bread, uniq_blork_the_orc
D:6:      fedhas_altar_1, lemuel_crystal_altar, cheibrodos_ashenzari_chains,
          uniq_eustachio, uniq_sigmund
D:7:      nemelex_deck, minmay_temple_entry_junction, serial_shops,
          kennysheep_little_box, trog_three_pillars_becter
D:8:      kennysheep_mini, uniq_grum
D:10:     hangedman_pestilent_swarm, st_stairs_12
D:11:     david_lair_shrubbed, serial_shops, nicolae_shop_crystal,
          hangedman_glass_teeth, uniq_psyche
D:12:     zombieorc2_lemuel, serial_shops, shop, trove_entry_hex_spiral,
          minmay_misc_feat_tower, minivault_14, basic_loot_grate_trap
D:13:     serial_shops, shop, basic_altar
D:14:     david_vaults_2, basic_altar, corexii_leaking_fountain,
          lemuel_flame_loot_1, uniq_urug
Orc:1:    guppyfry_library_mini, uniq_snorg, uniq_maurice
Orc:2:    pf_orc_diabolical, basic_altar, uniq_josephine

Skill      XL: |  1  2  3  4  5  6  7  8  9 10 11 12 |
---------------+-------------------------------------+-----
Polearms       | 2 3 4 5 7 9 10 12 13 14 | 14.1
Charms         | 3 4 5 7 8 |  8.2
Dodging        | 1 2 6 8 |  8.0
Hexes          | 1 2 3 |  3.7
Fighting       | 3 6 8 |  8.8
Armour         | |  0.8
Spellcasting   | |  2.0

Action                   |  1- 3 |  4- 6 |  7- 9 | 10-12 || total
-------------------------+-------+-------+-------+-------++-------
Melee: Spear             |   128 |   189 |     6 |       ||   323
       Kick              |    10 |    42 |    32 |       ||    84
       Halberd           |       |       |   189 |       ||   189
       Glaive            |       |       |    36 |   467 ||   503
 Cast: Infusion          |     1 |     1 |       |       ||     2
       Spectral Weapon   |     1 |    12 |    21 |    46 ||    80
Invok: Curse Item        |       |       |     2 |       ||     2
 Abil: Evoke Berserk Rag |       |       |       |     2 ||     2
  Use: Potion            |     1 |       |       |     1 ||     2
       Scroll            |       |       |    16 |     1 ||    17
 Stab: Sleeping          |       |     3 |     1 |       ||     4
       Distracted        |       |     1 |       |     4 ||     5
  Eat: Chunk             |       |     4 |     9 |    16 ||    29
       Meat ration       |       |       |     1 |       ||     1
       Pizza             |       |       |       |     1 ||     1
Armor: Leather armour    |    21 |       |       |       ||    21
       Troll leather arm |    16 |    42 |    49 |   111 ||   218
Dodge: Dodged            |    82 |    63 |   147 |   262 ||   554
